 Dungeon Crawl Stone Soup version 0.21.1-1-g345015f (webtiles) character file.

114 Fang the Skirmisher (level 4, 0/29 HPs)
             Began as a Gargoyle Berserker on July 30, 2018.
             Was a Believer of Trog.
             Slain by an adder (2 damage)
             ... on level 3 of the Dungeon on July 31, 2018.
             The game lasted 00:01:49 (2599 turns).

Fang the Skirmisher (Gargoyle Berserker)            Turns: 2599, Time: 00:01:49

Health: 0/29       AC:  6    Str: 22    XL:     4   Next: 97%
Magic:  4/4        EV: 12    Int:  7    God:    Trog [**....]
Gold:   110        SH:  0    Dex:  9    Spells: 3/3 levels left

rFire    . . .     SeeInvis .   a - +1 hand axe
rCold    . . .     Gourm    .   (no shield)
rNeg     + . .     Faith    .   b - +1 animal skin
rPois    ∞         Spirit   .   (no helmet)
rElec    +         Reflect  .   (no cloak)
rCorr    .         Harm     .   (no gloves)
MR       .....                  (no boots)
Stlth    +.........             (no amulet)
HPRegen  0.09/turn              (no ring)
MPRegen  0.09/turn              (no ring)

@: berserk cooldown, slowed, very slow
A: negative energy resistance 1, electricity resistance, unbreathing,
petrification resistance, rot immunity, AC +3
a: Berserk, Trog's Hand, Burn Spellbooks, Renounce Religion


You were on level 3 of the Dungeon.
You worshipped Trog.
Trog was pleased with you.
You were hungry.

You visited 1 branch of the dungeon, and saw 3 of its levels.

You collected 110 gold pieces.

Inventory:

Hand Weapons
 a - a +1 hand axe (weapon)
Armour
 b - a +1 animal skin (worn)
Scrolls
 n - a scroll of remove curse {unknown}
 o - 2 scrolls of identify {unknown}
 q - a scroll of fog {unknown}
Potions
 d - 2 potions of degeneration {unknown}
 g - a potion of curing {unknown}
 h - a potion of flight {unknown}
 i - 2 potions of heal wounds {unknown}
 j - a potion of berserk rage {unknown}
 k - 2 potions of might {unknown}
 p - a potion of lignification {unknown}
Comestibles
 c - 8 rations


   Skills:
 + Level 4.3 Fighting
 + Level 3.8 Axes
 + Level 2.4 Armour
 + Level 2.2 Dodging
 + Level 0.8 Stealth


You had 3 spell levels left.
You didn't know any spells.

Dungeon Overview and Level Annotations

Branches:
Dungeon (3/15)

Altars:
Xom

Annotations:
D:3 1 runed door, Grinder


Innate Abilities, Weirdness & Mutations

You are resistant to torment.
Your stone body is resilient. (AC +3)
You are immune to poison.
You resist negative energy. (rN+)
You are resistant to electric shocks. (rElec)
You can survive without breathing.
You are immune to petrification.
You are immune to rotting.


Message History

The creatures around you are filled with an inner flame!
It was a scroll of immolation.
The adder bites you but does no damage. The adder closely misses you.
A hobgoblin comes into view.
As you read the scroll labeled YGRYMI ZECVO, it crumbles to dust.
You feel aware of your surroundings.
It was a scroll of magic mapping.
The hobgoblin shouts!
The adder bites you but does no damage. The adder closely misses you.
Unknown command.
As you read the scroll labeled NAMIR MYFO, it crumbles to dust.
It is a scroll of enchant weapon.
Your +0 hand axe glows red for a moment.
The adder completely misses you. The adder closely misses you.
As you read the scroll labeled RIUTAALUSM, it crumbles to dust.
It is a scroll of enchant armour.
Your +0 animal skin glows green for a moment.
The adder bites you.
* * * LOW HITPOINT WARNING * * *
The adder bites you.
You die...

******* *,*#.#.########.#
*,**#.### #.# #.###.$.# #.#
#....)..# #.# #####.))# #.#
******#####)## ##.##
*,,,,,,...#)# ####...######
*,***####.#)## #....#.......
*,* #...).@.# #.##...######
*,* #....S..# #.###.## *,*
*#.......# #.# #.# *,*
#...g....# #.# #.### *,*
#........# #.# #..(# *
*,**#........# #.# ###.# *
*,,...5......# #.# #.# ***
***##.##########.#####.###..
***,*** #..............


You could see Grinder, an adder (inner flame) and a hobgoblin.

Vanquished Creatures
  Robin (D:3)
  A gnoll (D:1)
  4 adders
  A worm (D:3)
  2 dart slugs
  A ball python (D:3)
  3 bats (D:2)
  2 hobgoblins (D:3)
  7 jackals (D:1)
  A quokka (D:2)
  4 frilled lizards
  17 goblins
  2 kobolds
  7 rats
53 creatures vanquished.

Notes
Turn   | Place    | Note
-------+----------+-------------------------------------------
     0 | D:1      | Fang the Gargoyle Berserker began the quest for the Orb.
     0 | D:1      | Reached XP level 1. HP: 14/14 MP: 1/1
    91 | D:1      | Reached XP level 2. HP: 10/19 MP: 2/2
   794 | D:1      | Reached XP level 3. HP: 4/24 MP: 3/3
  1589 | D:2      | Reached skill level 4 in Fighting
  1746 | D:2      | Reached ** piety under Trog
  1932 | D:2      | Found a shimmering altar of Xom.
  1981 | D:2      | Reached XP level 4. HP: 29/29 MP: 4/4
  2486 | D:3      | Found a runed door.
  2557 | D:3      | Noticed Grinder
  2558 | D:3      | Noticed Robin
  2575 | D:3      | Killed Robin
  2584 | D:3      | Paralysed by Grinder for 6 turns
  2599 | D:3      | Slain by an adder

Skill      XL: |  1  2  3  4 |
---------------+-------------+-----
Axes           | 3 |  3.8
Fighting       | 4 |  4.3
Dodging        | 2 |  2.2
Armour         | |  2.4
Stealth        | |  0.8

Action                   |  1- 3 |  4- 6 || total
-------------------------+-------+-------++-------
Melee: Hand axe          |    99 |    39 ||   138
Invok: Berserk           |     2 |     1 ||     3
  Use: Scroll            |       |     4 ||     4
 Stab: Sleeping          |       |     1 ||     1
  Eat: Chunk             |     1 |     3 ||     4
       Ration            |     1 |       ||     1
Armor: Animal skin       |    37 |    20 ||    57
Dodge: Dodged            |    79 |    29 ||   108
